 Dungeon Crawl Stone Soup version 0.21.1-1-g345015fe64 (webtiles) character file.

100 RaHiT the Sneak (level 4, -7/34 HPs)
             Began as a Vampire Assassin on Feb 25, 2018.
             Mangled by an ogre
             ... wielding a +0 giant club
              (24 damage)
             ... on level 3 of the Dungeon.
             The game lasted 00:09:41 (2406 turns).

RaHiT the Sneak (Vampire Assassin)                  Turns: 2406, Time: 00:09:41

Health: -7/34      AC: 10    Str: 10    XL:     4   Next: 47%
Magic:  4/4        EV: 11    Int: 10    God:
Gold:   235        SH:  0    Dex: 16    Spells: 3/3 levels left

rFire    . . .     SeeInvis +   b - +0 blowgun
rCold    + . .     Gourm    .   (no shield)
rNeg     + + .     Faith    .   v - +3 ring mail
rPois    +         Spirit   .   t - +0 helmet
rElec    .         Reflect  .   d - +0 cloak
rCorr    .         Harm     .   (no gloves)
MR       +....                  (no boots)
Stlth    ++++......             (no amulet)
HPRegen  0.05/turn              l - -3 ring of intelligence (curse)
MPRegen  0.09/turn              p - ring of protection from magic

@: regenerating slowly
A: fangs 3, see invisible, unbreathing
a: Bat Form


You were on level 3 of the Dungeon.
You were thirsty.

You visited 1 branch of the dungeon, and saw 3 of its levels.

You collected 235 gold pieces.

Inventory:

Hand Weapons
 a - a +2 dagger
 b - a +0 blowgun (weapon)
 i - a +1 short sword of draining
Missiles
 e - 8 poisoned needles
 f - 4 curare-tipped needles (quivered)
Armour
 c - a +0 robe
 d - a +0 cloak (worn)
 t - a +0 helmet (worn)
 v - a +3 ring mail (worn)
Jewellery
 l - a cursed -3 ring of intelligence (left hand)
 p - a ring of protection from magic (right hand)
Scrolls
 o - a scroll of blinking
 r - a scroll of immolation
 s - a scroll of amnesia
 u - a scroll of remove curse
Potions
 g - 37 potions of blood
 h - a potion of magic {unknown}
 j - 2 potions of brilliance
 k - a potion of curing
 m - a potion of degeneration {unknown}
 n - a potion of heal wounds {unknown}
 q - a potion of might {unknown}


   Skills:
 * Level 2.9 Fighting
 + Level 2.9 Short Blades
 - Level 2.0 Throwing
 * Level 2.3 Dodging
 + Level 6.4 Stealth


You had 3 spell levels left.
You didn't know any spells.

Dungeon Overview and Level Annotations

Branches:
Dungeon (3/15)

Altars:


Innate Abilities, Weirdness & Mutations

You heal slowly.
You have razor-sharp teeth.
You have supernaturally acute eyesight. (SInv)
You can survive without breathing.


Message History

The ogre is lightly wounded.
You hit the ogre.
The ogre is moderately wounded.
The ogre misses you.
You hit the ogre.
The ogre is moderately wounded.
The ogre closely misses you.
You hit the ogre.
The ogre is heavily wounded.
You see here 19 stones.
Wield which item (- for none, * to show all)? (? for menu, Esc to quit)
b - a +0 blowgun (weapon)
Firing (i - inventory. (,) - cycle):
f - 5 curare-tipped needles (quivered)
Press: ? - help, Shift-Dir - straight line, f - ogre
Aim: an ogre, wielding a giant club (heavily wounded)
You shoot a curare-tipped needle.
The curare-tipped needle barely misses the ogre.
The ogre hits you with a giant club!!
Ouch! That really hurt!
You die...

..........>..######
....#######.......#
.#+# ##.####.# #.#
#.#..#.# #.#
#.#..#.# #.#
#.#..#.# #.#
#.#%.#.#
#.#########.#..#.#
#.O@........#<.#.#
##############.#.###
#.......)..#....
#.##############
#...........#
###########.# #.#
#.# #.####


You could see an ogre.

Vanquished Creatures
  A gnoll (D:2)
  An adder (D:2)
  An ooze (D:1)
  A worm (D:2)
  3 leopard geckos
  4 orcs (D:3)
  4 giant cockroaches
  9 goblins
  6 hobgoblins
  4 jackals (D:2)
  3 quokkas (D:2)
  5 bats
  7 frilled lizards
  6 kobolds
  A leopard gecko skeleton (D:2)
  11 rats
67 creatures vanquished.

Notes
Turn   | Place    | Note
-------+----------+-------------------------------------------
     0 | D:1      | RaHiT the Vampire Assassin began the quest for the Orb.
     0 | D:1      | Reached XP level 1. HP: 16/16 MP: 1/1
   264 | D:1      | Reached XP level 2. HP: 22/22 MP: 2/2
   584 | D:1      | Reached skill level 6 in Stealth
  1122 | D:2      | Reached XP level 3. HP: 28/28 MP: 3/3
  1665 | D:2      | Reached XP level 4. HP: 28/34 MP: 4/4
  2395 | D:3      | Noticed an ogre
  2406 | D:3      | Mangled by an ogre

Skill      XL: |  1  2  3  4 |
---------------+-------------+-----
Fighting       | 2 |  2.9
Stealth        | 6 |  6.4
Throwing       | 2 |  2.0
Dodging        | 2 |  2.3
Short Blades   | |  2.9

Action                   |  1- 3 |  4- 6 || total
-------------------------+-------+-------++-------
Melee: Dagger            |   154 |    69 ||   223
       Bite              |    11 |     4 ||    15
 Fire: Blowgun           |     6 |     1 ||     7
  Use: Potion            |     1 |     3 ||     4
       Scroll            |       |     4 ||     4
 Stab: Sleeping          |    13 |     8 ||    21
       Distracted        |     1 |       ||     1
Armor: Robe              |    30 |     8 ||    38
Dodge: Dodged            |    89 |    27 ||   116
